 Dungeon Crawl Stone Soup version 0.26-a0-667-g92642533e4 (webtiles) character file.

Game seed: 3960238742212615744

49 marklar909 the Grasshopper (level 3, -1/32 HPs)
             Began as a Palentonga Warper on Oct 17, 2020.
             Slain by a goblin
             ... wielding a +0 club
             ... led by Robin
              (2 damage)
             ... on level 2 of the Dungeon.
             The game lasted 00:02:01 (1413 turns).

marklar909 the Grasshopper (Palentonga Warper)      Turns: 1413, Time: 00:02:02

Health: -1/32      AC:  4    Str: 14    XL:     3   Next: 51%
Magic:  6/6        EV:  9    Int: 13    God:
Gold:   17         SH:  0    Dex: 10    Spells: 7/7 levels left

rFire    . . .     SeeInvis +   a - +0 hand axe
rCold    . . .     Faith    .   (no shield)
rNeg     . . .     Spirit   .   b - +0 leather armour
rPois    .         Reflect  .   (no helmet)
rElec    .         Harm     .   (no cloak)
rCorr    .         Rampage  .   (no gloves)
MR       .....                  (no barding)
Stlth    +.........             (no amulet)
HPRegen  0.10/turn              (no ring)
MPRegen  0.10/turn              (no ring)

@: lightly drained
A: large, rugged brown scales 3, see invisible, deformed body, roll, armoured
tail
a: Rolling Charge


You were on level 2 of the Dungeon.
You visited 1 branch of the dungeon, and saw 2 of its levels.

You collected 17 gold pieces.

Inventory:

Hand Weapons
 a - a +0 hand axe (weapon)
Armour
 b - a +0 leather armour (worn)
 i - a cursed +0 kite shield
Scrolls
 c - 3 scrolls of identify {unknown}
 d - a scroll of blinking
 e - a scroll of enchant weapon {unknown}
 g - a scroll of teleportation {unknown}
Potions
 f - 2 potions of curing {unknown}
 h - a potion of haste {unknown}


   Skills:
 + Level 2.3(1.9) Fighting
 + Level 2.5(2.1) Axes
 + Level 0.6(0.2) Throwing
 + Level 1.4(1.0) Armour
 + Level 1.7(1.2) Dodging
 + Level 2.6(2.2) Spellcasting
   Level 3.0(2.5) Translocations


You had 7 spell levels left.
You didn't know any spells.
Your spell library contained the following spells:

 Spells                   Type           Power        Failure   Level
 Blink                    Tloc           N/A          16%         2
 Gell's Gravitas          Tloc           #.........   32%         3
 Lesser Beckoning         Tloc           #.........   32%         3
 Teleport Other           Tloc           #.......     32%         3
 Passage of Golubria      Tloc           N/A          71%         4


Dungeon Overview and Level Annotations

Branches:
Dungeon (2/15)

Altars:

Annotations:
D:2 Jessica, Robin


Innate Abilities, Weirdness & Mutations

You are completely covered in rugged brown scales. (AC +3, +7% HP)
You have supernaturally acute eyesight. (SInv)
Armour fits poorly on your strangely shaped body.
You can roll at foes to attack.
You have a long armoured tail.


Message History

You hit the goblin.
Your tail-slap misses the goblin.
The goblin is severely wounded.
You hit the goblin. The goblin hits you but does no damage.
You feel drained. The goblin hits you with a +0 club.
Unknown command.
You hit the goblin.
You kill the goblin!
You hit the goblin but do no damage.
The goblin no longer looks unusually strong. x2
The goblin hits you with a +0 club!
* * * LOW HITPOINT WARNING * * *
Robin throws the goblin at you!
Jessica gestures wildly while chanting.
Jessica blinks!
You hit the goblin but do no damage.
You tail-slap the goblin, but do no damage.
You hit the goblin. The goblin hits you with a +0 club.
* * * LOW HITPOINT WARNING * * *
The goblin hits you with a +0 club.
You die...

##...##....
###.<........
#......####.#
#.###.## #.#
#.##### #.#
#....# #g#
####.# #.#
#g# #.### #@#
#@.<# #g#
#g#.# #g#
#.#.# #.#
#.#.# #g#
#.#g# #ยง#
#g#.#
#...g.gg..g.
######gw...#


You could see Robin and 3 goblins.

Vanquished Creatures
  A gnoll (D:1)
  A dart slug (D:1)
  A leopard gecko (D:1)
  A giant cockroach (D:1)
  8 goblins
  8 hobgoblins (D:1)
  3 kobolds (D:1)
  A bat (D:1)
  A frilled lizard (D:1)
  7 rats
32 creatures vanquished.

Notes
Turn   | Place    | Note
-------+----------+-------------------------------------------
     0 | D:1      | marklar909 the Palentonga Warper began the quest for the
                  | Orb.
     0 | D:1      | Reached XP level 1. HP: 18/18 MP: 3/3
   135 | D:1      | Reached XP level 2. HP: 8/25 MP: 5/5
   401 | D:1      | Reached skill level 1 in Armour
   809 | D:1      | Reached XP level 3. HP: 31/31 MP: 6/6
  1204 | D:2      | Noticed Jessica
  1397 | D:2      | Noticed Robin
  1413 | D:2      | HP: 1/32 [goblin/+0 club[Robin] (1)]
  1413 | D:2      | Slain by a goblin

Illustrated notes

Levels and vault maps discovered:
D:1:      dpeg_arrival_rooms_a, layout_loops_ring
D:2:      layout_loops_ring, nicolae_overflow_hidden_temple, nrook_campfire,
          uniq_jessica, uniq_robin, uniq_natasha

Skill      XL: |  1  2 |
---------------+-------+-----
Armour         | 1 |  1.4
Fighting       | |  2.3
Axes           | |  2.5
Throwing       | |  0.6
Dodging        | |  1.7
Spellcasting   | |  2.6
Translocations | |  3.0

Action                   || total
-------------------------++-------
Melee: Hand axe          ||   101
       Tailslap          ||     6
 Abil: Rolling Charge    ||     2
Armor: Leather armour    ||    35
Dodge: Dodged            ||    57

Table legend: (Time is in decaauts)
 A = Elapsed time spent in this place.
 B = Non-inter-level travel time spent in this place.
 C = Inter-level travel time spent in this place.
 D = Time resting spent in this place.
 E = Time spent auto-exploring this place.
 F = Levels seen in this place.
 G = Mean time per level.
                   A        B        C        D        E       F      G
               +--------+--------+--------+--------+--------+-----+--------+
         Total |   1433 |   1302 |    131 |    274 |    781 |   2 |  716.5 |
       Dungeon |   1433 |   1302 |    131 |    274 |    781 |   2 |  716.5 |
               +--------+--------+--------+--------+--------+-----+--------+

Top non-repeatable levels by time:
     D:1: 1376 daAuts
     D:2: 57 daAuts
